 Dungeon Crawl Stone Soup version 0.20.0-6-gd3061e9 (webtiles) character file.

1601 greprep the Blocker (level 8, 0/70 HPs)
             Began as a Minotaur Fighter on May 28, 2017.
             Shot with an arrow by a centaur (5 damage)
             ... on level 6 of the Dungeon.
             The game lasted 00:09:25 (5004 turns).

greprep the Blocker (Minotaur Fighter)              Turns: 5004, Time: 00:09:26

Health: 0/70       AC:  8    Str: 22    XL:     8   Next: 62%
Magic:  7/7        EV: 10    Int:  5    God:
Gold:   290        SH: 12    Dex: 11    Spells: 7/7 levels left

rFire    . . .     SeeInvis .   x - +2 short sword (venom)
rCold    . . .     Gourm    .   c - +1 shield
rNeg     . . .     Faith    .   b - +0 scale mail
rPois    .         Spirit   .   (helmet restricted)
rElec    .         Reflect  .   (no cloak)
rCorr    .         Harm     .   (no gloves)
MR       .....     Rnd*Tele +   (no boots)
Stlth    ..........             (no amulet)
Regen    0.3/turn               w - ring of teleportation (curse)
MPRegen  0.1/turn               u - ring of loudness (curse)

@: no status effects
A: retaliatory headbutt, horns 2
a: no special abilities


You were on level 6 of the Dungeon.
You were very hungry.

You visited 2 branches of the dungeon, and saw 7 of its levels.

You collected 290 gold pieces.

Inventory:

Hand Weapons
 x - a +2 short sword of venom (weapon)
Armour
 b - a +0 scale mail (worn)
 c - a +1 shield (worn)
Jewellery
 m - an uncursed ring of poison resistance
 u - a cursed ring of loudness (right hand)
 w - a cursed ring of teleportation (left hand)
Wands
 a - a wand of polymorph (0/24)
 e - a wand of lightning (10/15)
 k - a wand of flame (16/48)
 v - a wand of polymorph (13/24)
Scrolls
 q - a scroll of fear
 t - 2 scrolls of enchant armour
 y - 2 scrolls of teleportation {unknown}
 B - a scroll of enchant weapon {unknown}
 C - a scroll of identify
 E - a scroll of fog {unknown}
Potions
 d - a potion of might
 g - 4 potions of curing
 h - 3 potions of heal wounds
 i - 3 potions of flight {unknown}
 j - 2 potions of cancellation {unknown}
 n - 4 potions of haste {unknown}
 o - a potion of ambrosia {unknown}
 p - a potion of mutation {unknown}
 r - a potion of lignification {unknown}
 s - a potion of resistance {unknown}
 z - 2 potions of invisibility {unknown}
 D - a potion of berserk rage {unknown}
Comestibles
 f - 4 bread rations
 l - 6 meat rations
 A - a royal jelly


   Skills:
 * Level 5.8 Fighting
 + Level 3.1(3.5) Short Blades
   Level 2.6(3.4) Long Blades
   Level 1.9 Axes
 * Level 7.7 Armour
 * Level 4.6 Dodging
 * Level 8.3 Shields


You had 7 spell levels left.
You didn't know any spells.

Dungeon Overview and Level Annotations

Branches:
Dungeon (6/15)             Temple (1/1) D:5

Altars:
Ashenzari
Cheibriados
Dithmenos
Elyvilon
Fedhas
Hepliaklqana
Kikubaaqudgha
Makhleb
Nemelex Xobeh
Okawaru
Ru
Sif Muna
Trog
Uskayaw
Xom
Yredelemnul
The Shining One

Shops:
D:5 *   D:6 (


Innate Abilities, Weirdness & Mutations

You reflexively headbutt those who attack you in melee.
You have a pair of horns on your head.


Message History

* * * LOW HITPOINT WARNING * * *
You see here an arrow.
The centaur shoots an arrow.
The arrow closely misses you.
The centaur shoots an arrow.
You block the arrow.
The centaur shoots an arrow.
The arrow hits you!
* * * LOW HITPOINT WARNING * * *
You see here 2 arrows.
The centaur shoots an arrow.
You block the arrow.
The centaur shoots an arrow.
The arrow hits you but does no damage.
The centaur shoots an arrow.
You block the arrow.
You see here 3 arrows.
An ice beast comes into view.
The centaur shoots an arrow.
You block the arrow.
The centaur shoots an arrow.
You block the arrow.
Found a potion of heal wounds.
You see here 2 arrows.
The centaur shoots an arrow.
The arrow barely misses you.
The centaur shoots an arrow.
You block the arrow.
The centaur shoots an arrow.
The arrow hits you.
You die...

# #.#...# # #.....# #
########## #+#...#
#.............#..#
#.............#.)#
#....Y.!......#)>#
#.......########.#
#....(..########.#######
#......@##(((((((......#
........((.≈≈≈≈≈≈(####.#
.#######.≈≈≈≈≈≈≈≈≈≈≈#
#≈≈≈≈≈c.≈≈≈≈≈≈#
≈≈≈≈≈≈c####c≈≈≈≈#
≈≈≈≈≈≈≈.# ##c≈≈≈≈.
≈≈≈≈≈≈≈≈.# ..≈≈≈.
≈≈≈≈≈≈≈..# ..≈≈≈#
≈≈≈≈≈≈≈≈..# ..≈≈≈≈


You could see an ice beast and 2 centaurs.

Vanquished Creatures
  Eustachio (D:5)
  2 centaurs
  2 ogres (D:4)
  2 phantoms
  2 bullfrogs
  2 scorpions
  2 hounds
  4 orc priests (D:4)
  4 orc wizards
  A bullfrog skeleton (D:5)
  Ijyb (D:4)
  Natasha (thrice) (D:4)
  2 worker ants (D:5)
  A hound zombie (D:5)
  4 gnolls (D:3)
  12 adders
  A shadow imp (D:5)
  An ooze (D:4)
  A worm (D:2)
  2 dart slugs
  3 leopard geckos
  11 orcs
  9 bats
  5 giant cockroaches
  3 goblins
  9 hobgoblins
  4 jackals (D:5)
  A quokka (D:2)
  2 ball pythons
  6 frilled lizards
  10 kobolds
  A leopard gecko skeleton (D:4)
  A quokka skeleton (D:5)
  A quokka zombie (D:5)
  10 rats
126 creatures vanquished.

Notes
Turn   | Place    | Note
-------+----------+-------------------------------------------
     0 | D:1      | greprep the Minotaur Fighter began the quest for the Orb.
     0 | D:1      | Reached XP level 1. HP: 19/19 MP: 0/0
   166 | D:1      | Reached XP level 2. HP: 27/27 MP: 1/1
   307 | D:1      | Reached skill level 4 in Shields
   610 | D:2      | Reached XP level 3. HP: 12/33 MP: 2/2
   657 | D:2      | Reached skill level 1 in Dodging
   663 | D:2      | HP: 1/33 [poisoned by an adder]
  1004 | D:2      | Reached XP level 4. HP: 28/40 MP: 3/3
  1179 | D:2      | Found a burning altar of Makhleb.
  1532 | D:3      | Reached skill level 5 in Shields
  1699 | D:3      | Reached skill level 1 in Axes
  1699 | D:3      | Reached XP level 5. HP: 11/46 MP: 4/4
  2102 | D:3      | Reached skill level 5 in Armour
  2112 | D:3      | Reached XP level 6. HP: 40/53 MP: 5/5
  2596 | D:4      | Noticed Natasha
  2605 | D:4      | Killed Natasha
  2745 | D:4      | Noticed Natasha
  2753 | D:4      | Killed Natasha
  2924 | D:4      | Reached skill level 6 in Shields
  3003 | D:4      | Noticed Ijyb
  3021 | D:4      | Killed Ijyb
  3218 | D:4      | Reached XP level 7. HP: 39/60 MP: 6/6
  3282 | D:4      | Reached skill level 5 in Fighting
  3451 | D:4      | Noticed Natasha
  3463 | D:4      | Killed Natasha
  3477 | D:4      | Found a hide-covered altar of Uskayaw.
  3577 | D:4      | Reached skill level 7 in Shields
  3678 | D:5      | Entered Level 5 of the Dungeon
  3728 | D:5      | Found a staircase to the Ecumenical Temple.
  3747 | Temple   | Entered the Ecumenical Temple
  3958 | D:5      | Reached skill level 1 in Short Blades
  4072 | D:5      | Found Yhadesh's General Store.
  4078 | D:5      | Noticed Eustachio
  4081 | D:5      | Reached XP level 8. HP: 43/68 MP: 7/7
  4093 | D:5      | Killed Eustachio
  4518 | D:5      | Found a hazy altar of Hepliaklqana.
  4594 | D:6      | Found Kuprov's Antique Weapon Shoppe.
  4604 | D:6      | Reached skill level 8 in Shields
  5004 | D:6      | Shot with an arrow by a centaur

Skill      XL: |  1  2  3  4  5  6  7  8 |
---------------+-------------------------+-----
Shields        | 4 5 6 7 8 |  8.3
Fighting       | 4 5 |  5.8
Armour         | 4 5 6 7 |  7.7
Dodging        | 1 2 3 4 |  4.6
Axes           | 1 |  1.9
Short Blades   | 1 3 |  3.1
Long Blades    | |  2.6

Action                   |  1- 3 |  4- 6 |  7- 9 || total
-------------------------+-------+-------+-------++-------
Melee: Long sword        |    25 |       |       ||    25
       Headbutt          |    22 |    36 |    32 ||    90
       Hand axe          |    89 |   156 |       ||   245
       Dagger            |       |    79 |    24 ||   103
       Short sword       |       |       |   133 ||   133
       Unarmed           |       |       |    11 ||    11
  Use: Scroll            |     5 |     3 |       ||     8
       Potion            |     1 |       |       ||     1
  Eat: Royal jelly       |     1 |     1 |       ||     2
       Bread ration      |       |     1 |     1 ||     2
Armor: Scale mail        |    58 |    94 |    26 ||   178
Dodge: Dodged            |    48 |    64 |    62 ||   174
Block: Shield            |    66 |   127 |   100 ||   293
       Rpst.: Long sword |     1 |       |       ||     1
